TOP OF THE 1ST |
Los Angeles Dodgers batting - Pitching for Arizona Diamondbacks : RHP Miguel Martinez
|
Pitching: RHP Miguel Martinez
|
|
Batting: RHB Clay Buchanan
|
0-0: Ball 1-0: Foul Ball, location: 2F 1-1: Foul Ball, location: 2F 1-2: Ball 2-2: Foul Ball, location: 2F 2-2: Strikes out swinging
|
Batting: LHB Chris Ringwood
|
0-0: Ball 1-0: Ball 2-0: Ball 3-0: Called Strike 3-1: Called Strike 3-2: Foul Ball, location: 2F 3-2: Ground out 1-3 (Groundball, 34S, EV 72.5 MPH)
|
Batting: LHB Lirak Bazhunaishvili
|
0-0: Ball 1-0: Ball 2-0: Ball 3-0: Base on Balls
|
Batting: SHB Joel Baker
|
0-0: Called Strike 0-1: Fly out, F6 (Popup, 6D, EV 45.6 MPH)
|
Top of the 1st over - 0 runs, 0 hits, 0 errors, 1 left on base; Los Angeles 0 - Arizona 0 |
BOTTOM OF THE 1ST |
Arizona Diamondbacks batting - Pitching for Los Angeles Dodgers : RHP Sean Parks
|
Pitching: RHP Sean Parks
|
|
Batting: LHB Roy Steigerwald
|
0-0: Called Strike 0-1: Ball 1-1: Ball 2-1: Ball 3-1: Called Strike 3-2: Foul Ball, location: 2F 3-2: Foul Ball, location: 2F 3-2: Foul Ball, location: 2F 3-2: Base on Balls
|
Batting: RHB Katilimomi Kelekolio
|
0-0: Ball 1-0: Grounds into double play, 6-4-3 (Groundball, 56D, EV 86.9 MPH)
|
Batting: LHB Joel Kunkler
|
0-0: Ball 1-0: Ball 2-0: Ball 3-0: Base on Balls
|
Batting: SHB Alec Thorpe
|
0-0: Called Strike 0-1: Ball 1-1: Fly out, F9 (Flyball, 89XD, EV 99.4 MPH)
|
Bottom of the 1st over - 0 runs, 0 hits, 0 errors, 1 left on base; Los Angeles 0 - Arizona 0 |
TOP OF THE 2ND |
Los Angeles Dodgers batting - Pitching for Arizona Diamondbacks : RHP Miguel Martinez
|
Batting: RHB Danny Dyer
|
0-0: Called Strike 0-1: Ball 1-1: Ball 2-1: Ball 3-1: Base on Balls
|
Batting: LHB Dalton Silveira
|
0-0: Ball 1-0: Ball 2-0: Called Strike 2-1: Fly out, F7 (Flyball, 78S, EV 84.4 MPH)
|
Batting: RHB Ben Mischnick
|
0-0: Foul Ball, location: 2F 0-1: Foul Ball, location: 2F 0-2: Strikes out swinging
|
Batting: RHB Tim Nettles
|
0-0: Ball 1-0: Fly out, F9 (Flyball, 9LM, EV 100.6 MPH)
|
Top of the 2nd over - 0 runs, 0 hits, 0 errors, 1 left on base; Los Angeles 0 - Arizona 0 |
BOTTOM OF THE 2ND |
Arizona Diamondbacks batting - Pitching for Los Angeles Dodgers : RHP Sean Parks
|
Batting: RHB David Price Jr.
|
0-0: Fly out, F5 (Line Drive, 56, EV 75.0 MPH)
|
Batting: LHB Eric Klasek
|
0-0: Ball 1-0: Foul Ball, location: 2F 1-1: Foul Ball, location: 2F 1-2: Strikes out swinging
|
Batting: RHB Andy Swaim
|
0-0: Foul Ball, location: 2F 0-1: Ball 1-1: Ball 2-1: Fly out, F8 (Flyball, 78D, EV 104.4 MPH)
|
Bottom of the 2nd over - 0 runs, 0 hits, 0 errors, 0 left on base; Los Angeles 0 - Arizona 0 |
TOP OF THE 3RD |
Los Angeles Dodgers batting - Pitching for Arizona Diamondbacks : RHP Miguel Martinez
|
Batting: RHB Nate Taylor
|
0-0: Foul Ball, location: 2F 0-1: Swinging Strike 0-2: Strikes out swinging
|
Batting: RHB Clay Buchanan
|
0-0: Swinging Strike 0-1: Ball 1-1: Foul Ball, location: 2F 1-2: Foul Ball, location: 2F 1-2: Fly out, F8 (Flyball, 8LM, EV 91.9 MPH)
|
Batting: LHB Chris Ringwood
|
0-0: Called Strike 0-1: TRIPLE (Flyball, 89XD, EV 106.9 MPH)
|
Batting: LHB Lirak Bazhunaishvili
|
0-0: Called Strike 0-1: Ball 1-1: Ball 2-1: Foul Ball, location: 2F 2-2: Ball 3-2: Foul Ball, location: 2F 3-2: Foul Ball, location: 2F 3-2: Strikes out swinging
|
Top of the 3rd over - 0 runs, 1 hit, 0 errors, 1 left on base; Los Angeles 0 - Arizona 0 |
BOTTOM OF THE 3RD |
Arizona Diamondbacks batting - Pitching for Los Angeles Dodgers : RHP Sean Parks
|
Batting: LHB Armando Carbajal
|
0-0: Called Strike 0-1: Fly out, F5 (Line Drive, 6, EV 72.5 MPH)
|
Batting: SHB Warren Eisner
|
0-0: Ball 1-0: Ball 2-0: Ball 3-0: Called Strike 3-1: Base on Balls
|
Batting: LHB Roy Steigerwald
|
0-0: Called Strike Warren Eisner steals 2nd base (no throw) 0-1: Swinging Strike 0-2: Ball Wild Pitch! Warren Eisner to third 1-2: Strikes out swinging
|
Batting: RHB Katilimomi Kelekolio
|
0-0: Ball 1-0: Called Strike 1-1: Ball 2-1: Ball 3-1: Foul Ball, location: 2F 3-2: Ground out 5-3 (Groundball, 56S, EV 69.4 MPH)
|
Bottom of the 3rd over - 0 runs, 0 hits, 0 errors, 1 left on base; Los Angeles 0 - Arizona 0 |
TOP OF THE 4TH |
Los Angeles Dodgers batting - Pitching for Arizona Diamondbacks : RHP Miguel Martinez
|
Batting: SHB Joel Baker
|
0-0: Called Strike 0-1: Swinging Strike 0-2: Ball 1-2: Foul Ball, location: 2F 1-2: Ball 2-2: Foul Ball, location: 2F 2-2: Foul Ball, location: 2F 2-2: Foul Ball, location: 2F 2-2: Ball 3-2: Base on Balls
|
Batting: RHB Danny Dyer
|
0-0: 2-RUN HOME RUN (Line Drive, 7D, EV 95.6 MPH), Distance : 369 ft
|
Batting: LHB Dalton Silveira
|
0-0: Ground out 6-3 (Groundball, 6, EV 88.8 MPH)
|
Batting: RHB Ben Mischnick
|
0-0: Ball 1-0: DOUBLE (Line Drive, 78XD, EV 107.5 MPH)
|
Batting: RHB Tim Nettles
|
0-0: Ball 1-0: Ball 2-0: Ball 3-0: Called Strike 3-1: Foul Ball, location: 2F 3-2: Strikes out looking
|
Batting: RHB Nate Taylor
|
0-0: Foul Ball, location: 2F 0-1: Ball 1-1: Called Strike 1-2: Ground out 6-3 (Groundball, 6, EV 94.4 MPH)
|
Top of the 4th over - 2 runs, 2 hits, 0 errors, 1 left on base; Los Angeles 2 - Arizona 0 |
BOTTOM OF THE 4TH |
Arizona Diamondbacks batting - Pitching for Los Angeles Dodgers : RHP Sean Parks
|
Batting: LHB Joel Kunkler
|
0-0: Ball 1-0: Called Strike 1-1: Ball 2-1: Foul Ball, location: 2F 2-2: Ball 3-2: Base on Balls
|
Batting: SHB Alec Thorpe
|
0-0: Ball 1-0: Ball 2-0: Ball 3-0: Called Strike 3-1: Base on Balls Joel Kunkler to second
|
Batting: RHB David Price Jr.
|
0-0: Ball 1-0: Foul Ball, location: 2F 1-1: Ball 2-1: 3-RUN HOME RUN (Flyball, 7D, EV 100.0 MPH), Distance : 375 ft
|
Batting: LHB Eric Klasek
|
0-0: Ball 1-0: Called Strike 1-1: Called Strike 1-2: Strikes out looking
|
Batting: RHB Andy Swaim
|
0-0: Called Strike 0-1: Ball 1-1: Ball 2-1: Called Strike 2-2: Foul Ball, location: 2F 2-2: Strikes out swinging
|
Batting: LHB Armando Carbajal
|
0-0: Ball 1-0: Swinging Strike 1-1: Ball 2-1: Swinging Strike 2-2: Ball 3-2: Strikes out swinging
|
Bottom of the 4th over - 3 runs, 1 hit, 0 errors, 0 left on base; Los Angeles 2 - Arizona 3 |
TOP OF THE 5TH |
Los Angeles Dodgers batting - Pitching for Arizona Diamondbacks : RHP Miguel Martinez
|
Batting: RHB Clay Buchanan
|
0-0: Foul Ball, location: 2F 0-1: Ball 1-1: Fly out, F9 (Flyball, 9S, EV 82.5 MPH)
|
Batting: LHB Chris Ringwood
|
0-0: Foul Ball, location: 2F 0-1: Foul Ball, location: 2F 0-2: Ball 1-2: Fly out, F8 (Flyball, 78D, EV 101.2 MPH)
|
Batting: LHB Lirak Bazhunaishvili
|
0-0: Ball 1-0: Swinging Strike 1-1: Called Strike 1-2: Strikes out swinging
|
Top of the 5th over - 0 runs, 0 hits, 0 errors, 0 left on base; Los Angeles 2 - Arizona 3 |
BOTTOM OF THE 5TH |
Arizona Diamondbacks batting - Pitching for Los Angeles Dodgers : RHP Sean Parks
|
Batting: SHB Warren Eisner
|
0-0: Called Strike 0-1: Foul Ball, location: 2F 0-2: Foul Ball, location: 2F 0-2: Strikes out swinging
|
Batting: LHB Roy Steigerwald
|
0-0: Foul Ball, location: 2F 0-1: Foul Ball, location: 2F 0-2: Ground out 3-1 (Groundball, 34, EV 101.9 MPH)
|
Batting: RHB Katilimomi Kelekolio
|
0-0: Ball 1-0: Ball 2-0: Called Strike 2-1: Ball 3-1: Base on Balls
|
Batting: LHB Joel Kunkler
|
0-0: Called Strike Katilimomi Kelekolio steals 2nd base 0-1: Called Strike 0-2: Ball 1-2: Strikes out swinging
|
Bottom of the 5th over - 0 runs, 0 hits, 0 errors, 1 left on base; Los Angeles 2 - Arizona 3 |
TOP OF THE 6TH |
Los Angeles Dodgers batting - Pitching for Arizona Diamondbacks : RHP Miguel Martinez
|
Batting: SHB Joel Baker
|
0-0: Ball 1-0: Ball 2-0: SINGLE (Line Drive, 8RS, EV 109.4 MPH)
|
Batting: RHB Danny Dyer
|
0-0: Ball 1-0: Foul Ball, location: 2F 1-1: Swinging Strike 1-2: Strikes out looking
|
Batting: LHB Dalton Silveira
|
0-0: Ball 1-0: TRIPLE (Line Drive, 78XD, EV 110.0 MPH) Joel Baker scores
|
Batting: RHB Ben Mischnick
|
0-0: Ground out 6-3 (Groundball, 6, EV 81.9 MPH)
|
Batting: RHB Tim Nettles
|
0-0: Ball 1-0: Swinging Strike 1-1: Foul Ball, location: 2F 1-2: Ground out 4-3 (Groundball, 4M, EV 106.2 MPH)
|
Top of the 6th over - 1 run, 2 hits, 0 errors, 1 left on base; Los Angeles 3 - Arizona 3 |
BOTTOM OF THE 6TH |
Arizona Diamondbacks batting - Pitching for Los Angeles Dodgers : RHP Sean Parks
|
Batting: SHB Alec Thorpe
|
0-0: Ball 1-0: Foul Ball, location: 2F 1-1: Ground out 6-3 (Groundball, 56, EV 103.1 MPH)
|
Batting: RHB David Price Jr.
|
0-0: Ball 1-0: Foul Ball, location: 2F 1-1: Foul Ball, location: 2F 1-2: Strikes out looking
|
Batting: LHB Eric Klasek
|
0-0: Ball 1-0: Ball 2-0: Swinging Strike 2-1: Ball 3-1: Ground out U3 (Groundball, 3, EV 86.9 MPH)
|
Bottom of the 6th over - 0 runs, 0 hits, 0 errors, 0 left on base; Los Angeles 3 - Arizona 3 |
TOP OF THE 7TH |
Los Angeles Dodgers batting - Pitching for Arizona Diamondbacks : RHP Miguel Martinez
|
Batting: RHB Nate Taylor
|
0-0: Called Strike 0-1: Foul Ball, location: 2F 0-2: Strikes out looking
|
Batting: RHB Clay Buchanan
|
0-0: Called Strike 0-1: Foul Ball, location: 2F 0-2: Ball 1-2: Foul Ball, location: 2F 1-2: Ground out 6-3 (Groundball, 56, EV 88.1 MPH)
|
Batting: LHB Chris Ringwood
|
0-0: Swinging Strike 0-1: Ball 1-1: Foul Ball, location: 2F 1-2: Foul Ball, location: 2F 1-2: Foul Ball, location: 2F 1-2: Ball 2-2: SINGLE (Groundball, 4S, EV 67.5 MPH) (infield hit)
|
Pitching: RHP Gerardo Camacho
|
|
Batting: LHB Lirak Bazhunaishvili
|
0-0: Called Strike Chris Ringwood steals 2nd base 0-1: Ball 1-1: Foul Ball, location: 2F 1-2: Fly out, F8 (Flyball, 8RD, EV 103.8 MPH)
|
Top of the 7th over - 0 runs, 1 hit, 0 errors, 1 left on base; Los Angeles 3 - Arizona 3 |
BOTTOM OF THE 7TH |
Arizona Diamondbacks batting - Pitching for Los Angeles Dodgers : RHP Sean Parks
|
Pitching: RHP Chut-sai Teoh
|
|
Batting: RHB Andy Swaim
|
0-0: Ball 1-0: SOLO HOME RUN (Flyball, 7D, EV 96.9 MPH), Distance : 379 ft
|
Batting: LHB Armando Carbajal
|
0-0: Ball 1-0: Ball 2-0: Foul Ball, location: 2F 2-1: Foul Ball, location: 2F 2-2: Ball 3-2: Foul Ball, location: 2F 3-2: Foul Ball, location: 2F 3-2: Base on Balls
|
Batting: SHB Warren Eisner
|
0-0: Ball 1-0: Sac Bunt to 13 - play at first, batter OUT! 1-3 Armando Carbajal to second
|
Batting: LHB Roy Steigerwald
|
0-0: Ball 1-0: Ball 2-0: Fly out, F8 (Flyball, 8RD, EV 100.0 MPH)
|
Batting: RHB Katilimomi Kelekolio
|
0-0: Ball 1-0: Fly out, F8 (Flyball, 8LD, EV 106.9 MPH)
|
Bottom of the 7th over - 1 run, 1 hit, 0 errors, 1 left on base; Los Angeles 3 - Arizona 4 |
TOP OF THE 8TH |
Los Angeles Dodgers batting - Pitching for Arizona Diamondbacks : RHP Gerardo Camacho
|
Pitching: LHP Chris Baran
|
|
Batting: SHB Joel Baker
|
0-0: Foul Ball, location: 2F 0-1: Ball 1-1: Ball 2-1: Ball 3-1: Foul Ball, location: 2F 3-2: Foul Ball, location: 2F 3-2: Base on Balls
|
Batting: RHB Danny Dyer
|
0-0: SINGLE (Groundball, 56S, EV 71.2 MPH) (infield hit) Joel Baker to second
|
Pinch Hitting: RHB Edwin Soto
|
0-0: Ball 1-0: Called Strike 1-1: Ball 2-1: Foul Ball, location: 2F 2-2: Strikes out swinging
|
Batting: RHB Ben Mischnick
|
0-0: Ball 1-0: Grounds into double play, 4-6-3 (Groundball, 13, EV 81.2 MPH)
|
Top of the 8th over - 0 runs, 1 hit, 0 errors, 1 left on base; Los Angeles 3 - Arizona 4 |
BOTTOM OF THE 8TH |
Arizona Diamondbacks batting - Pitching for Los Angeles Dodgers : RHP Chut-sai Teoh
|
Now at 1B: Edwin Soto
|
|
Batting: LHB Joel Kunkler
|
0-0: Ball 1-0: Ball 2-0: Ball 3-0: Fly out, F9 (Flyball, 89M, EV 85.6 MPH)
|
Batting: SHB Alec Thorpe
|
0-0: Ball 1-0: Ball 2-0: Ball 3-0: Ground out 5-3 (Groundball, 5, EV 105.0 MPH)
|
Batting: RHB David Price Jr.
|
0-0: Foul Ball, location: 2F 0-1: Swinging Strike 0-2: Strikes out swinging
|
Bottom of the 8th over - 0 runs, 0 hits, 0 errors, 0 left on base; Los Angeles 3 - Arizona 4 |
TOP OF THE 9TH |
Los Angeles Dodgers batting - Pitching for Arizona Diamondbacks : LHP Chris Baran
|
Pitching: RHP Rich Ortega
|
|
Batting: RHB Tim Nettles
|
0-0: Called Strike 0-1: Ball 1-1: Swinging Strike 1-2: Foul Ball, location: 2F 1-2: Foul Ball, location: 2F 1-2: Ball 2-2: Strikes out swinging
|
Pinch Hitting: SHB Carlos Rodriguez
|
0-0: Ball 1-0: Called Strike 1-1: Ball 2-1: Ground out 4-3 (Groundball, 4, EV 104.4 MPH)
|
Batting: RHB Clay Buchanan
|
0-0: Ball 1-0: Called Strike 1-1: Ball 2-1: Ground out 6-3 (Groundball, 6, EV 78.1 MPH)
|
Top of the 9th over - 0 runs, 0 hits, 0 errors, 0 left on base; Los Angeles 3 - Arizona 4 |
|